 Dungeon Crawl Stone Soup version 0.23.1-37-gaa34b87 (webtiles) character file.

Game seed: 16927770326487136035

96 pjoxt the Charlatan (level 4, -2/55 HPs)
             Began as a Centaur Artificer on Mar 23, 2019.
             Slain by Sigmund
             ... wielding a +0 scythe
              (5 damage)
             ... on level 2 of the Dungeon.
             The game lasted 00:07:27 (2104 turns).

pjoxt the Charlatan (Centaur Artificer)             Turns: 2104, Time: 00:07:28

Health: -2/55      AC:  5    Str: 20 (21) XL:     4   Next: 41%
Magic:  6/6        EV:  9    Int:  7 (10) God:
Gold:   100        SH:  0    Dex:  8 (9)  Spells: 3/3 levels left

rFire    . . .     SeeInvis .   a - +6 dagger (protect)
rCold    . . .     Gourm    .   (no shield)
rNeg     . . .     Faith    .   o - +0 leather armour
rPois    .         Spirit   .   (no helmet)
rElec    .         Reflect  .   n - +0 cloak
rCorr    .         Harm     .   (no gloves)
MR       .....                  (no barding)
Stlth    ..........             (no amulet)
HPRegen  0.18/turn              (no ring)
MPRegen  0.10/turn              (no ring)

@: berserking, lightly drained, very quick
A: large, hooves 3, deformed body, speed 2, tough skin 3
a: no special abilities


You were on level 2 of the Dungeon.
You were not hungry.

You visited 1 branch of the dungeon, and saw 2 of its levels.

You collected 100 gold pieces.

Inventory:

Hand Weapons
 a - a +6 dagger of protection (weapon)
 b - a +0 hunting sling
 q - a +1 short sword of venom
Missiles
 p - 34 stones (quivered)
Armour
 n - a +0 cloak (worn)
 o - a +0 leather armour (worn)
Wands
 c - a wand of flame (11)
 d - a wand of enslavement (14)
 e - a wand of random effects (15)
Scrolls
 g - a scroll of magic mapping {unknown}
 i - a scroll of noise {unknown}
 r - 2 scrolls of identify {unknown}
Potions
 h - a potion of degeneration
 l - a potion of invisibility {unknown}
 m - a potion of curing {unknown}
 s - a potion of resistance {unknown}
Comestibles
 f - 2 rations
 k - 4 chunks of flesh


   Skills:
 + Level 2.5(2.4) Fighting
 + Level 2.3(2.2) Short Blades
 - Level 1.3(1.2) Dodging
 - Level 0.4(0.3) Stealth
 + Level 3.5(3.4) Evocations


You had 3 spell levels left.
You didn't know any spells.
Your spell library was empty.

Dungeon Overview and Level Annotations

Branches:
Dungeon (2/15)

Altars:

Annotations:
D:2 Sigmund


Innate Abilities, Weirdness & Mutations

You have hooves in place of feet.
Armour fits poorly on your strangely shaped body.
You cover ground very quickly.
You have extremely tough skin. (AC +3)


Message History

You bump into the rock wall.
Something hits you! The jackal bites you.
You bump into the rock wall.
The jackal closely misses you.
The jackal bites you but does no damage.
You bump into the rock wall.
Something hits you!
* * * LOW HITPOINT WARNING * * *
The jackal completely misses you.
You bump into the rock wall.
The jackal bites you but does no damage.
Something hits you but does no damage.
It was a potion of degeneration.
There was something very wrong with that liquid.
You feel weakened.
You feel dopey.
You feel clumsy. The jackal barely misses you.
The jackal bites you but does no damage.
It was a potion of berserk rage.
A red film seems to cover your vision as you go berserk!
You feel yourself moving faster!
You feel mighty!
You feel less confused. Something hits you.
You die...

#.........#
#.........# #.....##
#.(....# #....#.# #.
#.....#.##.# #.#
#.#####.##.# #.#
#.#####.##.## #.#
#...@h{g....######.#
#...######.........#
#... #†######..##
#...# #÷# #.....
#...# #.# #...#.
#...# #.# #..)#.
#...# #.# #...#.
#...# ##.# #...#.
#)..#####..#####...#.


You could see a jackal and a goblin.

Vanquished Creatures
  3 adders (D:2)
  A worm (D:2)
  3 dart slugs (D:1)
  A leopard gecko (D:1)
  A ball python (D:1)
  4 giant cockroaches
  10 goblins
  6 hobgoblins
  A jackal (D:2)
  9 kobolds
  A quokka (D:2)
  6 bats (D:1)
  A frilled lizard (D:2)
  6 rats
53 creatures vanquished.

Vanquished Creatures (collateral kills)
  2 jackals (D:2)
2 creatures vanquished.

Grand Total: 55 creatures vanquished

Notes
Turn   | Place    | Note
-------+----------+-------------------------------------------
     0 | D:1      | pjoxt the Centaur Artificer began the quest for the Orb.
     0 | D:1      | Reached XP level 1. HP: 16/16 MP: 2/2
   114 | D:1      | Reached skill level 1 in Short Blades
   420 | D:1      | Reached XP level 2. HP: 18/23 MP: 4/4
   768 | D:1      | Reached skill level 3 in Evocations
   834 | D:1      | Reached XP level 3. HP: 20/29 MP: 5/5
  1881 | D:2      | Reached XP level 4. HP: 37/37 MP: 6/6
  2027 | D:2      | Noticed Sigmund
  2101 | D:2      | HP: 1/37 [something (11)]
  2104 | D:2      | Slain by Sigmund

Skill      XL: |  1  2  3 |
---------------+----------+-----
Short Blades   | 1 2 |  2.3
Evocations     | 3 |  3.5
Fighting       | 2 |  2.5
Dodging        | |  1.3
Stealth        | |  0.4

Action                   |  1- 3 |  4- 6 || total
-------------------------+-------+-------++-------
Melee: Short sword       |    53 |       ||    53
       Kick              |    16 |     1 ||    17
       Dagger            |    53 |    15 ||    68
 Fire: Hunting sling     |       |     1 ||     1
Evoke: Wand              |     4 |     1 ||     5
  Use: Potion            |       |     2 ||     2
  Eat: Chunk             |     2 |     1 ||     3
Armor: Leather armour    |    42 |    12 ||    54
Dodge: Dodged            |    43 |    13 ||    56
